 Dungeon Crawl Stone Soup version 0.27.1-4-g1640c2035a (webtiles) character file.

Game seed: 5419379862258684333

113 tizbic2 the Shooter (level 4, -4/23 HPs)
             Began as a Vine Stalker Hunter on Nov 13, 2021.
             Was a Believer of Cheibriados.
             Slain by a gnoll sergeant (9 damage)
             ... on level 4 of the Dungeon.
             The game lasted 00:19:34 (2818 turns).

tizbic2 the Shooter (Vine Stalker Hunter)           Turns: 2818, Time: 00:19:35

Health: -4/23      AC:  7    Str: 18    XL:     4   Next: 96%
Magic:  0/5        EV: 11    Int: 16    God:    Cheibriados [**....]
Gold:   148        SH:  0    Dex: 19    Spells: 3/3 levels left

rFire    . . .     SeeInvis .   w - +0 double sword
rCold    . . .     Faith    .   (no shield)
rNeg     . . .     Spirit   +   h - +0 ring mail
rPois    .         Reflect  .   m - +0 helmet
rElec    .         Harm     .   (no cloak)
rCorr    .         Rampage  .   (no gloves)
Will     .....                  r - +0 pair of boots
Stlth    +.........             (no amulet)
HPRegen  1.07/turn              (no ring)
MPRegen  0.09/turn              (no ring)

@: very slow
A: fangs 2, regeneration 1, magic shield, antimagic bite, no potion heal 2
a: Renounce Religion, Bend Time


You were on level 4 of the Dungeon.
You worshipped Cheibriados.
Cheibriados was pleased with you.
You visited 1 branch of the dungeon, and saw 4 of its levels.

You collected 148 gold pieces.

Inventory:

Hand Weapons
 a - a +1 shortbow
 w - a +0 double sword (weapon)
Missiles
 d - 34 arrows
 f - 56 stones (quivered)
 q - 14 poisoned darts
Armour
 h - a +0 ring mail (worn)
 k - a scarf of shadows
 m - a +0 helmet (worn)
 r - a +0 pair of boots (worn)
Wands
 b - a wand of flame (18)
Scrolls
 c - a scroll of noise
 g - a scroll of teleportation
 i - 2 scrolls of silence
 j - 4 scrolls of amnesia
 l - a scroll of immolation
 n - 2 scrolls of fog
 p - a scroll of fear {unknown}
 s - a scroll of acquirement {unknown}
Potions
 e - a potion of curing


   Skills:
 - Level 1.7 Fighting
 * Level 3.3 Long Blades
 - Level 4.1 Bows
 - Level 1.6 Dodging
 - Level 1.2 Stealth


You had 3 spell levels left.
You didn't know any spells.
Your spell library contained the following spells:

 Spells                   Type           Power      Damage    Failure   Level
 Beastly Appendage        Tmut           0%         N/A       41%         1


Dungeon Overview and Level Annotations

Branches:
Dungeon (4/15)
 Temple: D:4-7

Altars:
Cheibriados
Fedhas
Yredelemnul

Shops:
D:2 ?


Innate Abilities, Weirdness & Mutations

You have extremely sharp teeth.
Your natural rate of healing is unusually fast.
When hurt, damage is shared between your health and your magic reserves.
Your bite disrupts and absorbs the magic of your enemies.
Potions cannot restore your health.


Message History

The goblin hits you but does no damage. x2
You barely miss the goblin. You bite the goblin.
You kill the goblin!
Cheibriados appreciates the change of pace.
You see here a +0 club.
You open the door.
A ball python comes into view.
The ball python moves out of view.
There is an open door here.
Found 2 scrolls of amnesia.
j - 4 scrolls of amnesia (gained 2)
You open the door.
There is an open door here.
You open the door.
A gnoll sergeant comes into view. It is wielding a +0 spear.
The gnoll sergeant shouts!
The gnoll sergeant moves out of view.
The gnoll sergeant hits you from afar with a +0 spear.
You open the door.
The gnoll sergeant hits you from afar with a +0 spear!
Found a basalt altar of Yredelemnul.
A gnoll comes into view. It is wielding a +0 spear.
The gnoll sergeant hits you with a +0 spear.
The gnoll sergeant hits you with a +0 spear.
You closely miss the gnoll sergeant.
The gnoll shouts!
You hear a shout! x3
The gnoll throws a throwing net.
The throwing net closely misses you.
The gnoll sergeant hits you but does no damage.
The gnoll throws a throwing net.
The throwing net closely misses you. The gnoll sergeant misses you.
You riposte.
You hit the gnoll sergeant but do no damage.
You bite the gnoll sergeant. You drain its power.
You feel invigorated.
The gnoll sergeant is lightly wounded.
The gnoll sergeant hits you from afar with a +0 spear! x2
* * * LOW HITPOINT WARNING * * *
Okay, then.
As you read the scroll of summoning, it crumbles to dust.
Wisps of shadow whirl around you...
The gnoll sergeant hits you from afar with a +0 spear!
You die...

## ###'###....#
#.....
#####....#.......
8..
.........'........
.#######.#........
## #.##...##.###..
#####g.# ..# #8...
+_'.gh.# ... #....
#+###..# .. #8...
#@.# . ##_# #.(#
##### .s.# #....
..... #....
....... #....
#.......# #....
#.......# +....
#.......# #....
.......


You could see a gnoll sergeant (ally target), a gnoll, a friendly scorpion
(summoned) and a friendly howler monkey (summoned).

Vanquished Creatures
  A hound skeleton (D:4)
  4 adders
  A worm (D:2)
  3 dart slugs
  3 ball pythons
  8 endoplasms
  4 giant cockroaches
  6 goblins
  6 hobgoblins
  2 quokkas (D:1)
  5 bats
  3 frilled lizards
  5 kobolds
  2 rats (D:1)
53 creatures vanquished.

Vanquished Creatures (others)
  A plant (D:4)
1 creature vanquished.

Grand Total: 54 creatures vanquished

Notes
Turn   | Place    | Note
-------+----------+-------------------------------------------
     0 | D:1      | tizbic2 the Vine Stalker Hunter began the quest for the
                  | Orb.
     0 | D:1      | Reached XP level 1. HP: 11/11 MP: 2/2
   300 | D:1      | Reached skill level 4 in Bows
   300 | D:1      | Reached XP level 2. HP: 15/15 MP: 3/3
   525 | D:1      | Found a faded altar of an unknown god.
   556 | D:1      | Got Plato's Handbook of Transmigration
   559 | D:1      | Became a worshipper of Cheibriados the Contemplative
   559 | D:1      | Reached * piety under Cheibriados
   578 | D:1      | Reached skill level 1 in Long Blades
   610 | D:1      | Reached XP level 3. HP: 16/18 MP: 4/4
   980 | D:2      | Found Cyfuris's Magic Scroll Shop.
  1748 | D:3      | Gained mutation: Your natural rate of healing is unusually
                  | fast. [Vine Stalker growth]
  1748 | D:3      | Reached XP level 4. HP: 2/23 MP: 1/5
  1981 | D:3      | Reached ** piety under Cheibriados
  2477 | D:4      | Found a snail-covered altar of Cheibriados.
  2714 | D:4      | Found a blossoming altar of Fedhas.
  2805 | D:4      | Noticed a gnoll sergeant
  2812 | D:4      | Found a basalt altar of Yredelemnul.
  2818 | D:4      | Slain by a gnoll sergeant

Illustrated notes

Levels and vault maps discovered:
D:1:      nicolae_arrival_somewhat_less_tricky_arrival, layout_loops_corners,
          shapermc_ecumenical_altar_rom_forum
D:2:      layout_basic, serial_shops, nicolae_shop_statue_plus, serial_curves,
          eino_curves_03, eino_curves_04
D:3:      layout_basic, minmay_misc_feat_diagonals
D:4:      layout_gridville, mainiacjoe_overflow_chevrons, cheibriados_altar_1,
          nicolae_overflow_hidden_temple, lemuel_doored_altar,
          grunt_ministairs_12

Skill      XL: |  1  2  3  4 |
---------------+-------------+-----
Bows           | 4 |  4.1
Long Blades    | 1 2 3 |  3.3
Fighting       | |  1.7
Dodging        | |  1.6
Stealth        | |  1.2

Action                   |  1- 3 |  4- 6 || total
-------------------------+-------+-------++-------
Melee: Double sword      |    47 |    22 ||    69
       Bite              |    13 |    12 ||    25
       Shortbow          |     1 |       ||     1
 Fire: Shortbow          |    31 |    14 ||    45
Invok: Bend Time         |       |     1 ||     1
  Use: Scroll            |     5 |     6 ||    11
       Potion            |     1 |       ||     1
Armor: Leather armour    |    13 |       ||    13
       Ring mail         |    16 |    17 ||    33
Dodge: Dodged            |    39 |    21 ||    60
       Rpst.: Double sword |     9 |    10 ||    19
